 Dungeon Crawl Stone Soup version 0.31-a0-233-g139696dc86 (webtiles) character file.

Game seed: 384434742141610803

42 qw the Shooter (level 3, -2/29 HPs)
             Began as a Minotaur Hexslinger on July 7, 2023.
             Slain by a hobgoblin (5 damage)
             ... led by Robin
             ... on level 2 of the Dungeon.
             The game lasted 00:00:21 (826 turns).

qw the Shooter (Minotaur Hexslinger)                 Turns: 826, Time: 00:00:21

Health: -2/29      AC:  2    Str: 12    XL:     3   Next: 33%
Magic:  3/3        EV: 12    Int: 10    God:
Gold:   51         SH:  0    Dex: 14    Spells: 3/4 levels left

rFire   . . .        Y - +1 sling
rCold   . . .        (no shield)
rNeg    + . .        c - +0 robe
rPois   .            (helmet restricted)
rElec   .            (no cloak)
rCorr   .            (no gloves)
SInv    .            (no boots)
Will    .....        g - amulet of the acrobat
Stlth   +            h - ring of positive energy
HPRegen 0.24/turn    (no ring)
MPRegen 0.08/turn

%: acrobat
@: about to teleport
A: horns 2, retaliatory headbutt
a: no special abilities


You were on level 2 of the Dungeon.
You visited 1 branch of the dungeon, and saw 2 of its levels.

You collected 51 gold pieces.


Innate Abilities, Weirdness & Mutations

You have a pair of horns on your head.
You reflexively headbutt those who attack you in melee.


   Skills:
 - Level 2.0 Fighting
 + Level 3.9 Ranged Weapons
 - Level 2.1 Dodging
 - Level 1.0 Spellcasting
 - Level 2.0 Hexes


You had 3 spell levels left.
You knew the following spells:

 Your Spells              Type           Power      Damage    Failure   Level
a - Slow                  Hex            16%        N/A       16%         1

Your spell library contained the following spells:

 Spells                   Type           Power      Damage    Failure   Level
 Inner Flame              Hex/Fire       2%         N/A       56%         3
 Portal Projectile        Hex/Tloc       4%         N/A       56%         3
 Cause Fear               Hex            2%         N/A       83%         4

Inventory:

Hand Weapons
 Y - a +1 sling (weapon)
Armour
 c - a +0 robe (worn)
Jewellery
 g - an amulet of the acrobat (around neck)
 h - a ring of positive energy (left hand)
Scrolls
 a - 2 scrolls of teleportation
Potions
 e - 2 potions of curing

Dungeon Overview and Level Annotations

Branches:
Dungeon (2/15)

Altars:

Annotations:
D:2 Robin


Message History

The sling bullet hits the adder but does no damage.
Robin says, "Duck!"
You shoot a sling bullet.
The sling bullet hits the adder but does no damage.
The adder barely misses you.
Robin says, "My goblins will feast on your bones."
The adder closely misses you.
You shoot a sling bullet.
The sling bullet barely misses the adder.
The adder bites you.
You are poisoned.
The adder poisons you! Robin throws the goblin at you!
The goblin hits you but does no damage. The adder bites you.
You shoot a sling bullet.
The sling bullet closely misses the adder.
You feel sick. Robin hits you with a +0 mace. The goblin closely misses you.
The goblin hits you with a +0 club. The adder bites you but does no damage.
Robin roars a battlecry!
The hobgoblin goes into a battle-frenzy!
The goblin barely misses you. x2
You shoot a sling bullet. The sling bullet misses the adder.
You feel sick. The adder barely misses you. You furiously retaliate!
You headbutt the adder. The adder bites you. Robin throws the goblin at you!
The goblin barely misses you. The goblin hits you with a +0 club.
825 ||| READING 3 scrolls of teleportation.
As you read the scroll of teleportation, it crumbles to dust.
You feel strangely unstable.
You feel sick. The adder barely misses you. You furiously retaliate!
You headbutt the adder!
You kill the adder!
Robin barely misses you. The goblin barely misses you. You furiously retaliate!
You headbutt the goblin.
You kill the goblin!
The hobgoblin closely misses you. The goblin barely misses you.
You shoot a sling bullet. The sling bullet hits Robin!
Robin is heavily wounded.
You feel sick.
You are no longer poisoned.
Robin hits you with a +0 mace. The goblin misses you. The hobgoblin hits you.
You die...

#### #####....
#.......#
#.......#
#.......# #.##
#g).....#
[#....##@......#
.?...gggg%.....#
......g#.......#
..$..gg#........
.......#........
#####.#######...
.. ##. ..)


.gg You could see Robin, 3 hobgoblins and 4 goblins.

Vanquished Creatures
  An adder (D:2)
  A dart slug (D:1)
  An endoplasm (D:1)
  5 giant cockroaches (D:1)
  4 goblins (D:2)
  2 hobgoblins (D:1)
  4 jackals (D:1)
  3 kobolds (D:1)
  A quokka (D:1)
  A ball python (D:1)
  A bat (D:1)
  A frilled lizard (D:1)
  2 rats (D:1)
27 creatures vanquished.

Notes
Turn   | Place    | Note
-------+----------+-------------------------------------------
     0 | D:1      | qw the Minotaur Hexslinger began the quest for the Orb.
     0 | D:1      | Reached XP level 1. HP: 16/16 MP: 1/1
     0 | D:1      | 0 ||| qw: Version: 0.3-a-46-gb1f654a
     0 | D:1      | 0 ||| qw: Game counter: 3165
     0 | D:1      | 0 ||| qw: Melee chars always use a shield: true
     0 | D:1      | 0 ||| qw: God list: Okawaru
     0 | D:1      | 0 ||| qw: Allow faded altars: false
     0 | D:1      | 0 ||| qw: Do Orc after clearing Dungeon:15 true
     0 | D:1      | 0 ||| qw: Do second Lair branch before Depths: true
     0 | D:1      | 0 ||| qw: Lair rune preference: random
     0 | D:1      | 0 ||| qw: Goals: Normal
     0 | D:1      | 0 ||| PLANNING D:1-11
    56 | D:1      | Reached skill level 3 in Ranged Weapons
    56 | D:1      | Reached XP level 2. HP: 20/23 MP: 2/2
   189 | D:1      | 189 ||| READING 2 scrolls labelled FOCUM ERUTIN.
   312 | D:1      | Found a faded altar of an unknown god.
   779 | D:1      | 779 ||| UPGRADING to amulet of the acrobat.
   784 | D:1      | 784 ||| UPGRADING to ring of positive energy.
   785 | D:1      | 785 ||| READING scroll labelled DEUWNU CIZIFUK.
   786 | D:1      | 786 ||| READING scroll labelled DEUSCH DOKKENA.
   787 | D:1      | 787 ||| READING scroll labelled LAM OGE KUACEA.
   788 | D:1      | 788 ||| DRINKING 3 brown potions.
   789 | D:1      | 789 ||| DROPPING scroll of poison.
   813 | D:2      | Noticed Robin
   816 | D:2      | Reached XP level 3. HP: 29/29 MP: 3/3
   818 | D:2      | 818 ||| Stepping ~*~*~tactically~*~*~ (outnumbered).
   824 | D:2      | HP: 6/29 [goblin/+0 club[Robin] (2)]
   825 | D:2      | 825 ||| READING 3 scrolls of teleportation.
   826 | D:2      | Slain by a hobgoblin

Levels and vault maps discovered:
D:1:      giann_bridges, layout_basic, ebering_ecumenical_altar_webs,
          reono_crystal_passage
D:2:      cheibrodos_pilgrimage, layout_basic,
          amcnicky_mini_rare_corridor_liquid, uniq_robin

Skill      XL: |  1  2 |
---------------+-------+-----
Ranged Weapons | 3 |  3.9
Fighting       | 2 |  2.0
Dodging        | |  2.1
Spellcasting   | |  1.0
Hexes          | |  2.0

Action                     || total
---------------------------++-------
   Fire: Sling             ||    78
    Use: Scroll            ||     5
         Potion            ||     1
 Armour: Robe              ||     3
  Dodge: Dodged            ||    28

Table legend:
 A = Non-vault XP
 B = Vault XP
 C = Vault XP percentage of total XP
 D = Non-vault monster count
 E = Vault monster count
 F = Vault count percentage of total count
                 A         B        C        D         E       F
            +---------+---------+-------+---------+---------+-------
      Total |      53 |       7 |  11.7 |      23 |       4 |  14.8
            +---------+---------+-------+---------+---------+-------
        D:1 |      39 |       0 |   0.0 |      22 |       0 |   0.0
        D:2 |      14 |       7 |  33.3 |       1 |       4 |  80.0
            +---------+---------+-------+---------+---------+-------
